 Dungeon Crawl Stone Soup version 0.29.1-1-gd02db6906a (webtiles) character file.

Game seed: 3316449336568180128

63 AlexRAT the Trooper (level 3, -2/29 HPs)
             Began as a Demonspawn Monk on Oct 9, 2022.
             Slain by Terence
             ... wielding a +0 falchion
              (5 damage)
             ... on level 2 of the Dungeon.
             The game lasted 00:02:49 (1805 turns).

AlexRAT the Trooper (Demonspawn Monk)               Turns: 1805, Time: 00:02:49

Health: -2/29      AC:  2    Str: 11    XL:     3   Next: 87%
Magic:  3/3        EV: 13    Int: 13    God:
Gold:   62         SH:  0    Dex: 15    Spells: 2/2 levels left

rFire   . . .      SeeInvis .   a - +0 mace
rCold   . . .      Faith    .   (no shield)
rNeg    . . .      Spirit   .   b - +0 robe
rPois   .          Reflect  .   (no helmet)
rElec   .          Harm     .   (no cloak)
rCorr   .          Rampage  .   (no gloves)
Will    .....                   (no boots)
Stlth   ++........              (no amulet)
HPRegen 0.09/turn               (no ring)
MPRegen 0.08/turn               (no ring)

@: no status effects
A: hooves 1
a: no special abilities


You were on level 2 of the Dungeon.
You visited 1 branch of the dungeon, and saw 2 of its levels.

You collected 62 gold pieces.

Inventory:

Hand Weapons
 a - a +0 mace (weapon)
Armour
 b - a +0 robe (worn)
Scrolls
 e - 2 scrolls of enchant weapon {unknown}
 k - a scroll of summoning {unknown}
 l - a scroll of identify {unknown}
Potions
 c - a potion of ambrosia
 d - a potion of heal wounds
 f - a potion of cancellation {unknown}
 g - 2 potions of berserk rage {unknown}
 h - a potion of attraction {unknown}
 i - a potion of resistance {unknown}
 j - a potion of mutation {unknown}


   Skills:
 + Level 3.5 Fighting
 + Level 3.2 Maces & Flails
 + Level 1.3 Armour
 + Level 3.2 Dodging
 - Level 1.7 Stealth


You had 2 spell levels left.
You didn't know any spells.
Your spell library contained the following spells:

 Spells                   Type           Power      Damage    Failure   Level
 Dispersal                Tloc           0%         N/A       100%        6
 Disjunction              Tloc           0%         N/A       100%        8


Dungeon Overview and Level Annotations

Branches:
Dungeon (2/15)

Altars:

Annotations:
D:2 Robin, Terence


Innate Abilities, Weirdness & Mutations

You have large cloven feet.


Message History

No target in view!
Unknown command.
You start resting.
Terence is nearby!
Things that are here:
a +0 club; a goblin corpse Terence shouts!
Sorry, you're not good enough to have a special ability.
Unknown command.
Okay, then.
You hit Terence but do no damage. You kick Terence.
Terence is lightly wounded.
Terence hits you with a +0 falchion.
You hit Terence but do no damage.
Terence is lightly wounded.
Terence hits you with a +0 falchion! Terence barely misses you.
You hit Terence.
Terence is lightly wounded.
Terence hits you with a +0 falchion.
You hit Terence. You kick Terence.
Terence is heavily wounded.
Terence barely misses you.
You hit Terence but do no damage. You kick Terence, but do no damage.
Terence is heavily wounded.
Terence hits you with a +0 falchion.
Terence drinks a potion.
Terence is healed!
You closely miss Terence. Your kick misses Terence. Terence barely misses you.
You hit Terence.
Terence is lightly wounded.
Terence barely misses you.
You barely miss Terence. Your kick misses Terence.
Terence is lightly wounded.
Terence hits you with a +0 falchion!
* * * LOW HITPOINT WARNING * * *
You hit Terence. Your kick misses Terence.
Terence is moderately wounded.
Terence hits you with a +0 falchion.
* * * LOW HITPOINT WARNING * * *
Terence hits you with a +0 falchion.
You die...

....>...####........
###...#........# ...
#..............##.#
#.#####........#..## ..#
####.........############ ...
###....##....#.....#......# ...
#...##........####........#
...##.####......@.# #......#
...†.@####......@.# #......#
..................# #......#
...##....#........# #.>....#
......##.#.....)).# #......#
.............>.)<.######......#
........###................####
...####.# ##############...#
... #.. ####..## #.# $..#
#.....#


You could see Terence.

Vanquished Creatures
  Jessica (D:2)
  2 dart slugs
  3 bats (D:1)
  2 endoplasms (D:1)
  2 giant cockroaches (D:1)
  3 goblins (D:2)
  4 hobgoblins
  2 quokkas (D:1)
  3 ball pythons
  6 kobolds (D:1)
  2 rats (D:1)
30 creatures vanquished.

Notes
Turn   | Place    | Note
-------+----------+-------------------------------------------
     0 | D:1      | AlexRAT the Demonspawn Monk began the quest for the Orb.
     0 | D:1      | Reached XP level 1. HP: 18/18 MP: 1/1
   333 | D:1      | Gained mutation: You have large cloven feet. [demonic
                  | ancestry]
   333 | D:1      | Reached XP level 2. HP: 20/24 MP: 2/2
   960 | D:1      | Reached skill level 1 in Armour
  1362 | D:2      | Noticed Jessica
  1375 | D:2      | Killed Jessica
  1376 | D:2      | Reached XP level 3. HP: 16/29 MP: 3/3
  1541 | D:2      | Noticed Terence
  1544 | D:2      | Noticed Robin
  1805 | D:2      | Slain by Terence

Illustrated notes

Levels and vault maps discovered:
D:1:      amcnicky_arrival_abandoned_market, layout_loops_ring,
          nicolae_concentric_dashed_squares_wild
D:2:      layout_rooms, kennysheep_cross_room, minmay_misc_feat_doors,
          uniq_robin, uniq_terence, uniq_jessica

Skill      XL: |  1  2 |
---------------+-------+-----
Maces & Flails | 3 |  3.2
Dodging        | 3 |  3.2
Armour         | 1 |  1.3
Fighting       | |  3.5
Stealth        | |  1.7

Action                   || total
-------------------------++-------
Melee: Mace              ||    99
       Kick              ||    20
       Punch             ||     1
 Stab: Sleeping          ||     4
Armor: Robe              ||    19
Dodge: Dodged            ||    75
